| TOP OF THE 1ST |
|
Auburn Doubledays batting - Pitching for Milwaukee (NYP) Brewers : RHP Eddie Becerra
|
|
Pitching: RHP Eddie Becerra
|
|
|
Batting: RHB Jim Miske
|
0-0: Ball 1-0: Ball 2-0: Ball 3-0: Called Strike 3-1: Foul Ball, location: 2F 3-2: Foul Ball, location: 2F 3-2: Fly out, F7 (Flyball, 78M, EV 93.8 MPH)
|
|
Batting: LHB Elias Posada
|
0-0: Ball 1-0: Ground out 4-3 (Groundball, 4D, EV 102.5 MPH)
|
|
Batting: LHB John Luke
|
0-0: Ball 1-0: Called Strike 1-1: Foul Ball, location: 2F 1-2: Strikes out swinging
|
| Top of the 1st over - 0 runs, 0 hits, 0 errors, 0 left on base; Auburn 0 - Milwaukee (NYP) 0 |
| BOTTOM OF THE 1ST |
|
Milwaukee (NYP) Brewers batting - Pitching for Auburn Doubledays : LHP Harry Osborne
|
|
Pitching: LHP Harry Osborne
|
|
|
Batting: RHB Brian Landrum
|
0-0: Called Strike 0-1: Ball 1-1: Ball 2-1: Swinging Strike 2-2: Strikes out looking
|
|
Batting: LHB Paul Collins
|
0-0: Foul Ball, location: 2F 0-1: Foul Ball, location: 2F 0-2: Ball 1-2: Ball 2-2: Foul Ball, location: 2F 2-2: Strikes out looking
|
|
Batting: LHB Alfredo de la Cruz
|
0-0: Called Strike 0-1: Ball 1-1: Ball 2-1: Foul Ball, location: 2F 2-2: Ball 3-2: Hit by Pitch
|
|
Batting: RHB Skyler Goss
|
0-0: Ball Alfredo de la Cruz is caught stealing 2nd base 2-4
|
| Bottom of the 1st over - 0 runs, 0 hits, 0 errors, 0 left on base; Auburn 0 - Milwaukee (NYP) 0 |
| TOP OF THE 2ND |
|
Auburn Doubledays batting - Pitching for Milwaukee (NYP) Brewers : RHP Eddie Becerra
|
|
Batting: RHB Slavik Nebrodov
|
0-0: Swinging Strike 0-1: Foul Ball, location: 2F 0-2: Foul Ball, location: 2F 0-2: SOLO HOME RUN (Line Drive, 9D, EV 97.5 MPH), Distance : 367 ft
|
|
Batting: RHB Ryan Hiemer
|
0-0: Foul Ball, location: 2F 0-1: Ball 1-1: Ball 2-1: Ball 3-1: Base on Balls
|
|
Batting: LHB Yoshiya Kurokawa
|
Pickoff Throw to First - Out! 1-3 0-0: Ball 1-0: Ground out 4-3 (Groundball, 4M, EV 103.8 MPH)
|
|
Batting: RHB Joe Young
|
0-0: Ball 1-0: Ball 2-0: Ball 3-0: Base on Balls
|
|
Batting: RHB Jon Hill
|
0-0: Ball Wild Pitch! Joe Young to second 1-0: Called Strike 1-1: Ball 2-1: Ball 3-1: Foul Ball, location: 2F 3-2: Strikes out swinging
|
| Top of the 2nd over - 1 run, 1 hit, 0 errors, 1 left on base; Auburn 1 - Milwaukee (NYP) 0 |
| BOTTOM OF THE 2ND |
|
Milwaukee (NYP) Brewers batting - Pitching for Auburn Doubledays : LHP Harry Osborne
|
|
Batting: RHB Skyler Goss
|
0-0: Called Strike 0-1: Ball 1-1: Foul Ball, location: 2F 1-2: Ground out 6-3 (Groundball, 6, EV 91.2 MPH)
|
|
Batting: RHB Vinny Estrada
|
0-0: DOUBLE (Flyball, 78D, EV 107.5 MPH)
|
|
Batting: RHB Brad Wren
|
0-0: Swinging Strike 0-1: Fly out, F6 (Popup, 4S, EV 80.0 MPH)
|
|
Batting: SHB Adam Slade
|
0-0: Ground out 4-3 (Groundball, 4, EV 85.6 MPH)
|
| Bottom of the 2nd over - 0 runs, 1 hit, 0 errors, 1 left on base; Auburn 1 - Milwaukee (NYP) 0 |
| TOP OF THE 3RD |
|
Auburn Doubledays batting - Pitching for Milwaukee (NYP) Brewers : RHP Eddie Becerra
|
|
Batting: RHB David Rojas
|
0-0: Called Strike 0-1: Called Strike 0-2: Foul Ball, location: 2F 0-2: Ball 1-2: Ball 2-2: Ground out 6-3 (Groundball, 6, EV 101.2 MPH)
|
|
Batting: RHB Jim Miske
|
0-0: Ball 1-0: Ball 2-0: Called Strike 2-1: Ball 3-1: Base on Balls
|
|
Batting: LHB Elias Posada
|
0-0: Foul Ball, location: 2F 0-1: Foul Ball, location: 2F 0-2: Ball 1-2: Ball 2-2: Foul Ball, location: 2F 2-2: Ball 3-2: Base on Balls Jim Miske to second
|
|
Batting: LHB John Luke
|
0-0: Ball 1-0: Called Strike 1-1: Called Strike 1-2: Foul Ball, location: 2F 1-2: Ball 2-2: Strikes out swinging
|
|
Batting: RHB Slavik Nebrodov
|
0-0: Called Strike 0-1: Ball 1-1: Ball Wild Pitch! Jim Miske to third Elias Posada to second 2-1: Ball 3-1: Fly out, F8 (Flyball, 89D, EV 98.8 MPH)
|
| Top of the 3rd over - 0 runs, 0 hits, 0 errors, 2 left on base; Auburn 1 - Milwaukee (NYP) 0 |
| BOTTOM OF THE 3RD |
|
Milwaukee (NYP) Brewers batting - Pitching for Auburn Doubledays : LHP Harry Osborne
|
|
Batting: RHB Derek Halliwill
|
0-0: Ball 1-0: SINGLE (Line Drive, 4D, EV 101.2 MPH)
|
|
Batting: LHB Aaron Mobley
|
0-0: DOUBLE (Groundball, 3L, EV 95.0 MPH) Derek Halliwill to third
|
|
Batting: RHB Brian Landrum
|
0-0: Called Strike 0-1: Foul Ball, location: 2F 0-2: Foul Ball, location: 2F 0-2: Foul Ball, location: 2F 0-2: Hit by Pitch
|
|
Batting: LHB Paul Collins
|
0-0: Called Strike 0-1: Fielders Choice at 2nd, 3-6 (Groundball, 34S, EV 89.4 MPH) Derek Halliwill scores Aaron Mobley to third
|
|
Batting: LHB Alfredo de la Cruz
|
0-0: Swinging Strike 0-1: Ball 1-1: Ball 2-1: Foul Ball, location: 2F 2-2: Ball 3-2: Foul Ball, location: 2F 3-2: Foul Ball, location: 2F 3-2: Fly out, F8 (Flyball, 8RD, EV 102.5 MPH) Runner from 3rd tags up, SCORES, throw by CF
|
|
Batting: RHB Skyler Goss
|
0-0: Fly out, F4 (Popup, 4, EV 66.9 MPH)
|
| Bottom of the 3rd over - 2 runs, 2 hits, 0 errors, 1 left on base; Auburn 1 - Milwaukee (NYP) 2 |
| TOP OF THE 4TH |
|
Auburn Doubledays batting - Pitching for Milwaukee (NYP) Brewers : RHP Eddie Becerra
|
|
Batting: RHB Ryan Hiemer
|
0-0: Called Strike 0-1: Foul Ball, location: 2F 0-2: Fly out, F4 (Flyball, 34D, EV 78.1 MPH)
|
|
Batting: LHB Yoshiya Kurokawa
|
0-0: DOUBLE (Line Drive, 5D, EV 95.6 MPH)
|
|
Batting: RHB Joe Young
|
0-0: Ball 1-0: Called Strike 1-1: Foul Ball, location: 2F 1-2: Hit by Pitch
|
|
Batting: RHB Jon Hill
|
0-0: Ball 1-0: Called Strike 1-1: Ball 2-1: Called Strike 2-2: Strikes out looking
|
|
Batting: RHB David Rojas
|
0-0: Fielders Choice at 2nd, 6-4 (Groundball, 56, EV 78.8 MPH)
|
| Top of the 4th over - 0 runs, 1 hit, 0 errors, 2 left on base; Auburn 1 - Milwaukee (NYP) 2 |
| BOTTOM OF THE 4TH |
|
Milwaukee (NYP) Brewers batting - Pitching for Auburn Doubledays : LHP Harry Osborne
|
|
Batting: RHB Vinny Estrada
|
0-0: Ball 1-0: Ball 2-0: Foul Ball, location: 2F 2-1: Swinging Strike 2-2: Foul Ball, location: 2F 2-2: Strikes out swinging
|
|
Batting: RHB Brad Wren
|
0-0: Ball 1-0: Swinging Strike 1-1: Ground out 5-3 (Groundball, 56, EV 76.9 MPH)
|
|
Batting: SHB Adam Slade
|
0-0: Ball 1-0: Ball 2-0: Foul Ball, location: 2F 2-1: Ground out 5-3 (Groundball, 5, EV 83.1 MPH)
|
| Bottom of the 4th over - 0 runs, 0 hits, 0 errors, 0 left on base; Auburn 1 - Milwaukee (NYP) 2 |
| TOP OF THE 5TH |
|
Auburn Doubledays batting - Pitching for Milwaukee (NYP) Brewers : RHP Eddie Becerra
|
|
Batting: RHB Jim Miske
|
0-0: Ball 1-0: Called Strike 1-1: Called Strike 1-2: Ball 2-2: TRIPLE (Flyball, 89XD, EV 110.6 MPH)
|
|
Batting: LHB Elias Posada
|
0-0: Called Strike 0-1: Fly out, F8 (Flyball, 8RD, EV 100.6 MPH) Runner from 3rd tags up, SCORES, throw by CF
|
|
Batting: LHB John Luke
|
0-0: Called Strike 0-1: Ground out 1-3 (Groundball, 13S, EV 73.8 MPH)
|
|
Batting: RHB Slavik Nebrodov
|
0-0: Ball 1-0: Foul Ball, location: 2F 1-1: Ground out 3-1 (Groundball, 13, EV 86.2 MPH)
|
| Top of the 5th over - 1 run, 1 hit, 0 errors, 0 left on base; Auburn 2 - Milwaukee (NYP) 2 |
| BOTTOM OF THE 5TH |
|
Milwaukee (NYP) Brewers batting - Pitching for Auburn Doubledays : LHP Harry Osborne
|
|
Batting: RHB Derek Halliwill
|
0-0: Ball 1-0: Foul Ball, location: 2F 1-1: Swinging Strike 1-2: Foul Ball, location: 2F 1-2: Ball 2-2: Strikes out swinging
|
|
Pitching: RHP Luis Galvez
|
|
|
Batting: LHB Aaron Mobley
|
0-0: Ball 1-0: Foul Ball, location: 2F 1-1: Swinging Strike 1-2: Foul Ball, location: 2F 1-2: Foul Ball, location: 2F 1-2: Foul Ball, location: 2F 1-2: Single, Error in OF, E8, batter to second base (Groundball, 4MD, EV 100.6 MPH)
|
|
Batting: RHB Brian Landrum
|
0-0: Ball 1-0: Ball 2-0: Called Strike 2-1: Called Strike 2-2: Ground out 6-3 (Groundball, 6S, EV 86.2 MPH)
|
|
Batting: LHB Paul Collins
|
0-0: Foul Ball, location: 2F 0-1: Foul Ball, location: 2F 0-2: Ball 1-2: Ball 2-2: Ground out 3-1 (Groundball, 34S, EV 83.8 MPH)
|
| Bottom of the 5th over - 0 runs, 1 hit, 1 error, 1 left on base; Auburn 2 - Milwaukee (NYP) 2 |
| TOP OF THE 6TH |
|
Auburn Doubledays batting - Pitching for Milwaukee (NYP) Brewers : RHP Eddie Becerra
|
|
Batting: RHB Ryan Hiemer
|
0-0: Ground out 4-3 (Groundball, 34D, EV 86.9 MPH)
|
|
Batting: LHB Yoshiya Kurokawa
|
0-0: Ball 1-0: Ball 2-0: DOUBLE (Line Drive, 5D, EV 98.1 MPH)
|
|
Batting: RHB Joe Young
|
0-0: Ball 1-0: Ball 2-0: Ball 3-0: Base on Balls
|
|
Batting: RHB Jon Hill
|
0-0: Ball 1-0: Ball 2-0: Ball 3-0: Called Strike 3-1: Foul Ball, location: 2F 3-2: Foul Ball, location: 2F 3-2: Strikes out swinging
|
|
Batting: RHB David Rojas
|
0-0: Ground out 5-3 (Groundball, 5S, EV 81.9 MPH)
|
| Top of the 6th over - 0 runs, 1 hit, 0 errors, 2 left on base; Auburn 2 - Milwaukee (NYP) 2 |
| BOTTOM OF THE 6TH |
|
Milwaukee (NYP) Brewers batting - Pitching for Auburn Doubledays : RHP Luis Galvez
|
|
Batting: LHB Alfredo de la Cruz
|
0-0: SINGLE (Groundball, 34S, EV 65.6 MPH) (infield hit)
|
|
Batting: RHB Skyler Goss
|
0-0: Ball 1-0: Ball 2-0: Called Strike 2-1: Ball 3-1: Called Strike 3-2: Foul Ball, location: 2F 3-2: DOUBLE (Groundball, 5L, EV 104.4 MPH) Alfredo de la Cruz to third Alfredo de la Cruz scores
|
|
Batting: RHB Vinny Estrada
|
0-0: Ball 1-0: Fly out, F8 (Flyball, 78XD, EV 104.4 MPH) Runner from 2nd tags up, SAFE at 3rd, no throw by CF
|
|
Batting: RHB Brad Wren
|
0-0: Foul Ball, location: 2F 0-1: Fly out, F8 (Flyball, 8LM, EV 90.0 MPH)
|
|
Batting: SHB Adam Slade
|
0-0: Ball Passed Ball! Skyler Goss scores 1-0: Ball 2-0: Swinging Strike 2-1: Foul Ball, location: 2F 2-2: Strikes out swinging
|
| Bottom of the 6th over - 2 runs, 2 hits, 0 errors, 0 left on base; Auburn 2 - Milwaukee (NYP) 4 |
| TOP OF THE 7TH |
|
Auburn Doubledays batting - Pitching for Milwaukee (NYP) Brewers : RHP Eddie Becerra
|
|
Pitching: RHP Dan Patino
|
|
|
Now in LF: Alfredo de la Cruz
|
|
|
Now in RF: Bryant Thies
|
|
|
Batting: RHB Jim Miske
|
0-0: SINGLE (Groundball, P, EV 83.8 MPH) (infield hit)
|
|
Pitching: LHP Dustin Waller
|
|
|
Batting: LHB Elias Posada
|
0-0: Called Strike 0-1: Bunted foul 0-2: Strikes out swinging
|
|
Batting: LHB John Luke
|
0-0: Ball 1-0: Fly out, F9 (Flyball, 9, EV 91.9 MPH)
|
|
Pitching: RHP Javy Uribe
|
|
|
Batting: RHB Slavik Nebrodov
|
0-0: Called Strike 0-1: Called Strike 0-2: Ball Jim Miske steals 2nd base 1-2: Fly out, F9 (Flyball, 9D, EV 96.2 MPH)
|
| Top of the 7th over - 0 runs, 1 hit, 0 errors, 1 left on base; Auburn 2 - Milwaukee (NYP) 4 |
| BOTTOM OF THE 7TH |
|
Milwaukee (NYP) Brewers batting - Pitching for Auburn Doubledays : RHP Luis Galvez
|
|
Pitching: LHP Juan Bonet
|
|
|
Batting: RHB Derek Halliwill
|
0-0: Ball 1-0: Fly out, F8 (Flyball, 8RD, EV 90.6 MPH)
|
|
Batting: LHB Aaron Mobley
|
0-0: Ball 1-0: Ball 2-0: Called Strike 2-1: Ball 3-1: SINGLE (Popup, 6D, EV 71.2 MPH)
|
|
Batting: RHB Brian Landrum
|
0-0: Ball 1-0: Called Strike 1-1: Swinging Strike Passed Ball! Aaron Mobley to second 1-2: Ball 2-2: Ball 3-2: Base on Balls
|
|
Batting: RHB Bryant Thies
|
0-0: Ball 1-0: Fielders Choice at 2nd, 6-4 (Groundball, 6, EV 101.2 MPH) Aaron Mobley to third
|
|
Batting: LHB Alfredo de la Cruz
|
0-0: Ball 1-0: Called Strike 1-1: Called Strike 1-2: Ball Bryant Thies steals 2nd base 2-2: Ball 3-2: Strikes out looking
|
| Bottom of the 7th over - 0 runs, 1 hit, 0 errors, 2 left on base; Auburn 2 - Milwaukee (NYP) 4 |
| TOP OF THE 8TH |
|
Auburn Doubledays batting - Pitching for Milwaukee (NYP) Brewers : RHP Javy Uribe
|
|
Batting: RHB Ryan Hiemer
|
0-0: SINGLE (Flyball, 8RS, EV 92.5 MPH)
|
|
Batting: LHB Yoshiya Kurokawa
|
0-0: Swinging Strike 0-1: Ball 1-1: Called Strike 1-2: Strikes out swinging
|
|
Batting: RHB Joe Young
|
0-0: Ball 1-0: Ball 2-0: Ball 3-0: Called Strike 3-1: Base on Balls Ryan Hiemer to second
|
|
Batting: RHB Jon Hill
|
0-0: Called Strike 0-1: Ball 1-1: Foul Ball, location: 2F 1-2: Ball 2-2: Foul Ball, location: 2F 2-2: Strikes out swinging
|
|
Batting: RHB David Rojas
|
0-0: Fielders Choice at 2nd, 5-4 (Groundball, 56, EV 100.6 MPH)
|
| Top of the 8th over - 0 runs, 1 hit, 0 errors, 2 left on base; Auburn 2 - Milwaukee (NYP) 4 |
| BOTTOM OF THE 8TH |
|
Milwaukee (NYP) Brewers batting - Pitching for Auburn Doubledays : LHP Juan Bonet
|
|
Pitching: RHP Brent Wainwright
|
|
|
Batting: RHB Skyler Goss
|
0-0: Ball 1-0: Called Strike 1-1: Called Strike 1-2: Foul Ball, location: 2F 1-2: SINGLE (Groundball, 56D, EV 102.5 MPH)
|
|
Batting: RHB Vinny Estrada
|
0-0: Swinging Strike 0-1: Ball Wild Pitch! Skyler Goss to second 1-1: Intentional Walk
|
|
Batting: RHB Brad Wren
|
0-0: Bunted foul 0-1: Sac Bunt to P - play at first, batter OUT! 1-4 Skyler Goss to third Vinny Estrada to second
|
|
Batting: SHB Adam Slade
|
0-0: Ball 1-0: Called Strike 1-1: SINGLE (Groundball, 4, EV 101.2 MPH) (infield hit) Skyler Goss scores Vinny Estrada to third
|
|
Batting: RHB Derek Halliwill
|
0-0: Ball 1-0: Foul Ball, location: 2F 1-1: Fielders Choice at 2nd, 6-4 (Groundball, 6, EV 85.0 MPH) Vinny Estrada scores
|
|
Batting: LHB Aaron Mobley
|
0-0: Ball Derek Halliwill steals 2nd base 1-0: Called Strike 1-1: Called Strike 1-2: Ball 2-2: Strikes out swinging
|
| Bottom of the 8th over - 2 runs, 2 hits, 0 errors, 1 left on base; Auburn 2 - Milwaukee (NYP) 6 |
| TOP OF THE 9TH |
|
Auburn Doubledays batting - Pitching for Milwaukee (NYP) Brewers : RHP Javy Uribe
|
|
Batting: RHB Jim Miske
|
0-0: Called Strike 0-1: Ball 1-1: Ball 2-1: Ball 3-1: Ground out 6-3 (Groundball, 6, EV 83.1 MPH)
|
|
Batting: LHB Elias Posada
|
0-0: Ball 1-0: Called Strike 1-1: Ball 2-1: Foul Ball, location: 2F 2-2: Foul Ball, location: 2F 2-2: Ball 3-2: SINGLE (Groundball, 6MD, EV 102.5 MPH)
|
|
Batting: LHB John Luke
|
0-0: Called Strike 0-1: Ball 1-1: Ball 2-1: Fly out, F7 (Line Drive, 7, EV 97.5 MPH)
|
|
Batting: RHB Slavik Nebrodov
|
0-0: Foul Ball, location: 2F 0-1: Called Strike 0-2: Ball 1-2: Ball 2-2: Ball 3-2: Foul Ball, location: 2F 3-2: Base on Balls Elias Posada to second
|
|
Batting: RHB Ryan Hiemer
|
0-0: Ball 1-0: Foul Ball, location: 2F 1-1: Ball 2-1: Foul Ball, location: 2F 2-2: 3-RUN HOME RUN (Flyball, 7LD, EV 92.5 MPH), Distance : 346 ft
|
|
Pitching: RHP Odmar van de Vijver
|
|
|
Batting: LHB Yoshiya Kurokawa
|
0-0: Ball 1-0: Foul Ball, location: 2F 1-1: Foul Ball, location: 2F 1-2: Ball 2-2: Foul Ball, location: 2F 2-2: Fly out, F7 (Flyball, 78S, EV 86.9 MPH)
|
| Top of the 9th over - 3 runs, 2 hits, 0 errors, 0 left on base; Auburn 5 - Milwaukee (NYP) 6 |
|